 Dungeon Crawl Stone Soup version 0.23-a0-577-g2b1de94 (webtiles) character file.

11 Leeroy the Charmwright (level 2, -3/22 HPs)
             Began as a Merfolk Skald on Dec 14, 2018.
             Slain by a goblin
             ... wielding a +0 dagger
              (5 damage)
             ... on level 1 of the Dungeon.
             The game lasted 00:00:46 (144 turns).

Leeroy the Charmwright (Merfolk Skald)               Turns: 144, Time: 00:00:46

Health: -3/22      AC:  3    Str: 11    XL:     2   Next: 25%
Magic:  5/5        EV: 12    Int: 12    God:
Gold:   26         SH:  0    Dex: 13    Spells: 2/5 levels left

rFire    . . .     SeeInvis .   a - +0 falchion
rCold    . . .     Gourm    .   (no shield)
rNeg     . . .     Faith    .   b - +0 leather armour
rPois    .         Spirit   .   (no helmet)
rElec    .         Reflect  .   (no cloak)
rCorr    .         Harm     .   (no gloves)
MR       .....                  (no boots)
Stlth    +.........             (no amulet)
HPRegen  0.07/turn              (no ring)
MPRegen  0.09/turn              (no ring)

@: no status effects
A: change form in water, swift swim, stealthy swim
a: no special abilities


You were on level 1 of the Dungeon.
You were not hungry.

You visited 1 branch of the dungeon, and saw 1 of its levels.

You collected 26 gold pieces.

Inventory:

Hand Weapons
 a - a +0 falchion (weapon)
Missiles
 e - 17 stones (quivered)
Armour
 b - a +0 leather armour (worn)
Comestibles
 c - 3 chunks of flesh
 d - a ration


   Skills:
 + Level 2.1 Fighting
 + Level 2.3 Long Blades
 + Level 0.6 Armour
 + Level 2.9 Dodging
 + Level 2.2 Spellcasting
 + Level 3.6 Charms


You had 2 spell levels left.
You knew the following spells:

 Your Spells              Type           Power        Failure   Level  Hunger
a - Infusion              Chrm           ##..         8%          1    ##.....
b - Shroud of Golubria    Chrm/Tloc      #.........   26%         2    ###....

Your spell library contained the following spells:

 Spells                   Type           Power        Failure   Level  Hunger
 Song of Slaying          Chrm           ##......     12%         2    ###....
 Regeneration             Chrm/Necr      #.........   45%         3    ####...
 Spectral Weapon          Hex/Chrm       #.......     45%         3    ####...


Dungeon Overview and Level Annotations

Branches:
Dungeon (1/15)

Altars:


Message History

The goblin hits you with a +0 dagger.
Your shroud falls apart!
The goblin hits you with a +0 club.
* * * LOW HITPOINT WARNING * * *
You hit the kobold.
You kill the kobold!
The goblin barely misses you.
You riposte.
You barely miss the goblin. The goblin hits you with a +0 club.
* * * LOW HITPOINT WARNING * * *
The goblin closely misses you.
You see here a +0 short sword.
The goblin closely misses you.
You riposte.
You hit the goblin.
The goblin is heavily wounded.
A bat comes into view.
The goblin hits you with a +0 dagger.
* * * LOW HITPOINT WARNING * * *
You barely miss the bat. The bat hits you but does no damage.
You barely miss the bat. The bat closely misses you.
The goblin hits you with a +0 dagger.
You die...

###.##.÷#..##.♣.♣
#..P..#..#.≈.#
#...)..#.♣
..#.....#...#..#
##.#...#.#
..#.....#..###.#
#.#...#.#
..##+####..♣ #.#
#.#.....# .....
....♣ #.#
#.#.#...###....
.....♣ #.#
#.#...#....♣
#.♣♣#♣# #.#
#.#......gg♣ ..
#.# #......###@#
#.# ###.##.
#.......# #.# ##
#. ###.b.#.. ..
...... #. ##.##
.. #


You could see 2 goblins and a bat.

Vanquished Creatures
  A giant cockroach (D:1)
  A hobgoblin (D:1)
  2 jackals (D:1)
  2 bats (D:1)
  A frilled lizard (D:1)
  2 kobolds (D:1)
  2 rats (D:1)
11 creatures vanquished.

Notes
Turn   | Place    | Note
-------+----------+-------------------------------------------
     0 | D:1      | Leeroy the Merfolk Skald began the quest for the Orb.
     0 | D:1      | Reached XP level 1. HP: 16/16 MP: 3/3
    75 | D:1      | Reached XP level 2. HP: 22/22 MP: 5/5
    79 | D:1      | Learned a level 2 spell: Shroud of Golubria
   144 | D:1      | Slain by a goblin

Vault maps used:
D:1:      saegor_arrival_under_anarchy

Action                   || total
-------------------------++-------
Melee: Falchion          ||    35
 Cast: Shroud of Golubri ||     1
Armor: Leather armour    ||    13
Dodge: Dodged            ||    23
       Rpst.: Falchion   ||     4

Table legend:
 A = Non-vault XP
 B = Vault XP
 C = Vault XP percentage of total XP
 D = Non-vault monster count
 E = Vault monster count
 F = Vault count percentage of total count
                 A         B        C        D         E       F
            +---------+---------+-------+---------+---------+-------
      Total |      16 |       0 |   0.0 |      11 |       0 |   0.0
            +---------+---------+-------+---------+---------+-------
        D:1 |      16 |       0 |   0.0 |      11 |       0 |   0.0
            +---------+---------+-------+---------+---------+-------
